 Dungeon Crawl Stone Soup version 0.19.4-8-ga85b6b9 (webtiles) character file.

68 empire the Conjurer (level 4, -6/24 HPs)
             Began as a Deep Elf Conjurer on Feb 10, 2017.
             Killed by divine providence
             ... invoked by an orc priest
              (15 damage)
             ... on level 3 of the Dungeon.
             The game lasted 00:05:58 (2154 turns).

empire the Conjurer (Deep Elf Conjurer)             Turns: 2154, Time: 00:05:59

Health: -6/24      AC:  4    Str:  5    XL:     4   Next: 1%
Magic:  2/10       EV: 12    Int: 21    God:
Gold:   45         SH:  0    Dex: 15    Spells: 2 memorised, 5 levels left

rFire  . . .     SeeInvis .     b - +1 rapier
rCold  . . .     Gourm    .     k - +0 leather armour
rNeg   . . .     Faith    .     (no shield)
rPois  .         Spirit   .     (no helmet)
rElec  .         Reflect  .     (no cloak)
rCorr  .         Harm     .     d - +0 pair of gloves
MR     .....                    (no boots)
Stlth  ++........               (no amulet)
                                (no ring)
                                (no ring)

@: no status effects
A: no striking features
a: no special abilities


You were on level 3 of the Dungeon.
You were not hungry.

You visited 1 branch of the dungeon, and saw 4 of its levels.

You collected 45 gold pieces.

Inventory:

Hand Weapons
 b - a +1 rapier (weapon)
Armour
 d - a +0 pair of gloves (worn)
 k - a +0 leather armour (worn)
Scrolls
 n - a scroll of remove curse
 o - a scroll of teleportation {unknown}
 q - a scroll of magic mapping {unknown}
Potions
 e - a potion of lignification {unknown}
 f - a potion of invisibility {unknown}
 i - a potion of flight {unknown}
 p - a potion of heal wounds {unknown}
 r - a potion of magic {unknown}
 s - a potion of agility {unknown}
 t - a potion of brilliance {unknown}
 v - a potion of ambrosia {unknown}
Books
 l - a book of Conjurations

   Spells                             Type                      Level
   a - Magic Dart                     Conjuration                  1
   b - Searing Ray                    Conjuration                  2
   c - Dazzling Spray                 Conjuration/Hexes            3
   d - Fulminant Prism                Conjuration/Hexes            4
   e - Iskenderun's Mystic Blast      Conjuration                  4
   f - Iskenderun's Battlesphere      Conjuration/Charms           5
Comestibles
 c - 3 bread rations
 g - a meat ration
 u - 2 chunks of flesh


   Skills:
 + Level 1.0 Armour
 - Level 2.4 Dodging
 - Level 2.4 Stealth
 - Level 3.0 Spellcasting
 + Level 5.9 Conjurations


You had 5 spell levels left.
You knew the following spells:

 Your Spells              Type           Power        Failure   Level  Hunger
a - Magic Dart            Conj           ####         1%          1    None
b - Dazzling Spray        Conj/Hex       ###...       21%         3    ###....


Dungeon Overview and Level Annotations

Branches:
Dungeon (4/15)
 Temple: D:4-7

Altars:
Okawaru


Message History

Press: ? - help, Shift-Dir - straight line, f/p - orc
Aim: an orc, wielding a club and wearing a leather armour (heavily wounded)
The magic dart hits the orc.
The orc is almost dead.
The orc priest looks braver for a moment.
Casting: Magic Dart
Confirm with . or Enter, or press ? or * to list all spells.
Aiming: Magic Dart
Press: ? - help, Shift-Dir - straight line, f/p - orc
Aim: an orc, wielding a club and wearing a leather armour (almost dead)
The magic dart hits the orc.
You kill the orc!
You have reached level 4!
You feel clever.
The orc priest looks encouraged for a moment.
The orc closely misses you.
The orc priest invokes the aid of Beogh against you.
Beogh smites you!
Ouch! That really hurt!
You die...

#...# #.......
#.#o# #.......
#.#)# ########
#.#o# ##.#.#
#..#o# ##.##.#
##########..##o#
#.......@..o.o.#
#.#######.>#####
#.# #.## #.# #.#
#.# #.# #<# #.#
### #.# ..# ###


You could see an orc priest and 2 orcs.

Vanquished Creatures
  An adder (D:2)
  2 dart slugs
  4 orcs
  A ball python (D:2)
  4 goblins
  3 hobgoblins (D:1)
  7 jackals
  2 kobolds
  11 bats
  7 frilled lizards
  A jackal skeleton (D:4)
  8 rats
51 creatures vanquished.

Notes
Turn   | Place    | Note
-------+----------+-------------------------------------------
     0 | D:1      | empire the Deep Elf Conjurer began the quest for the Orb.
     0 | D:1      | Reached XP level 1. HP: 10/10 MP: 6/6
   248 | D:1      | Reached XP level 2. HP: 15/15 MP: 6/8
   282 | D:1      | Reached skill level 5 in Conjurations
   959 | D:1      | Reached XP level 3. HP: 19/19 MP: 6/9
  1190 | D:2      | Learned a level 3 spell: Dazzling Spray
  1299 | D:2      | Found an iron altar of Okawaru.
  2014 | D:3      | Reached skill level 1 in Armour
  2144 | D:3      | Reached XP level 4. HP: 8/24 MP: 1/10
  2154 | D:3      | Killed from afar by an orc priest

Skill      XL: |  1  2  3 |
---------------+----------+-----
Conjurations   | 5 |  5.9
Armour         | 1 |  1.0
Dodging        | |  2.4
Stealth        | |  2.4
Spellcasting   | |  3.0

Action                   |  1- 3 |  4- 6 || total
-------------------------+-------+-------++-------
Melee: Short sword       |     6 |       ||     6
       Rapier            |    13 |       ||    13
 Cast: Magic Dart        |    96 |     1 ||    97
  Use: Scroll            |     5 |       ||     5
  Eat: Chunk             |     4 |       ||     4
Armor: Leather armour    |    15 |       ||    15
       Robe              |     5 |       ||     5
Dodge: Dodged            |    38 |     1 ||    39
